 Dungeon Crawl Stone Soup version 0.31-a0-986-g5e6e4ef867 (webtiles) character file.

Game seed: 3469911413185815990

16 wildpjah the Slasher (level 2, 0/3 HPs)
             Began as a Merfolk Gladiator on Nov 17, 2023.
             Slain by a ball python (3 damage)
             ... on level 1 of the Dungeon.
             The game lasted 00:01:13 (382 turns).

wildpjah the Slasher (Merfolk Gladiator)             Turns: 382, Time: 00:01:14

Health: 0/3        AC:  1    Str: 24    XL:     2   Next: 58%
Magic:  2/2        EV:  9    Int:  7    God:
Gold:   62         SH:  0    Dex: 15    Spells: 1/1 levels left

rFire   + + .        a - melded +0 long sword
rCold   x . .        (shield currently unavailable)
rNeg    . . .        b - melded +0 leather armour
rPois   +            c - melded +0 helmet
rElec   .            (cloak currently unavailable)
rCorr   .            (gloves currently unavailable)
SInv    .            (boots currently unavailable)
Will    .....        (no amulet)
Stlth   +            g - ring of poison resistance
HPRegen 0.20/turn    (no ring)
MPRegen 0.08/turn

%: no passive effects
@: dragon-form, flying
A: dragon claw, dragon scales, breathe fire, flying, reduced hp, giant, (nimble
swimmer 2), (mertail)
a: Breathe Fire, Begin Untransformation


You were on level 1 of the Dungeon.
You were a fearsome dragon!
You visited 1 branch of the dungeon, and saw 1 of its levels.

You collected 62 gold pieces.

Inventory:

Hand Weapons
 a - a +0 long sword (melded)
Missiles
 d - 3 throwing nets (quivered)
 e - a javelin
Armour
 b - a +0 leather armour (melded)
 c - a +0 helmet (melded)
Jewellery
 g - a ring of poison resistance (left foreclaw)
Talismans
 j - a dragon-blood talisman (active)
Scrolls
 i - a scroll of enchant weapon {unknown}
Potions
 f - a potion of curing {unknown}
 h - a potion of mutation {unknown}


   Skills:
 * Level 2.2 Fighting
 * Level 4.4 Long Blades
 + Level 2.0 Throwing
 * Level 4.1 Dodging


You had one spell level left.
You didn't know any spells.
Your spell library was empty.

Dungeon Overview and Level Annotations

Branches:
Dungeon (1/15)

Altars:


Innate Abilities, Weirdness & Mutations

You are a fearsome dragon!
You have a powerful clawing attack.
Your giant scaled body is strong and resilient, but less evasive.
You can breathe fire.
You are flying.
Your maximum health is decreased, since you lack skill for your form.
Your armour is entirely melded.
You are incapable of wielding weapons or throwing items.
((You are very nimble when in or above water. (Stealth+, EV+, Speed+++)))
((Your lower body shifts to a powerful aquatic tail in water.))


Message History

A jackal comes into view.
A ball python comes into view.
The ball python hisses angrily.
You closely miss the jackal. The jackal misses you. x2
The jackal barks!
You hit the jackal.
You kill the jackal!
You see here a jackal corpse.
You slash the ball python!
You kill the ball python!
You barely miss the jackal.
The jackal bites you but does no damage. x2
You miss the jackal. The jackal completely misses you.
The jackal barely misses you.
You barely miss the jackal.
The jackal bites you but does no damage.
You hit the jackal.
You kill the jackal!
No target in view!
No target in view!
Found a dragon-blood talisman.
You see here a jackal corpse.
You see here a dragon-blood talisman.
j - a dragon-blood talisman You begin transforming.
You continue transforming. x3
You turn into a fearsome dragon!
Your +0 long sword melds into your body.
Your +0 helmet melds into your body.
Your +0 leather armour melds into your body.
A ball python comes into view.
The ball python hisses angrily.
The ball python moves out of view.
A ball python is nearby!
Found 6 stones.
Found a short sword.
The ball python bites you.
You closely miss the ball python.
Your tail-slap misses the ball python.
The ball python closely misses you.
You closely miss the ball python. The ball python bites you.
Ouch! That really hurt!
You die...

#..# #..##.. .. #..#
####..##.. .... #..#
#......... #..#.#####..#
#..##.##.. ........##..#
#..##.##..
#.#..#.##..###..##.##.#
.......#.............#
).#.#.#...#.........####
.(....SD...........††...
#.#....########..#######
.....#. .....# .##. ##
####.# .. #.# .# ..#


You could see a ball python.

Vanquished Creatures
  A dart slug (D:1)
  A bat (D:1)
  3 endoplasms (D:1)
  2 hobgoblins (D:1)
  2 jackals (D:1)
  A kobold (D:1)
  A ball python (D:1)
  A rat (D:1)
12 creatures vanquished.

Notes
Turn   | Place    | Note
-------+----------+-------------------------------------------
     0 | D:1      | wildpjah the Merfolk Gladiator began the quest for the Orb.
     0 | D:1      | Reached XP level 1. HP: 16/16 MP: 1/1
   229 | D:1      | Reached XP level 2. HP: 22/22 MP: 2/2
   382 | D:1      | Slain by a ball python

Illustrated notes

Levels and vault maps discovered:
D:1:      dpeg_arrival_snail, layout_loops_ring, hangedman_decor_points

Skill      XL: |  1 |
---------------+----+-----
Long Blades    | 4 |  4.4
Fighting       | |  2.2
Throwing       | |  2.0
Dodging        | |  4.1

Action                     || total
---------------------------++-------
  Melee: Long sword        ||    32
         Unarmed           ||     2
 Armour: Leather armour    ||    16
         Skin              ||     2
  Dodge: Dodged            ||    17
   Form: Dragon            ||     1

Table legend: (Time is in decaauts)
 A = Elapsed time spent in this place.
 B = Non-inter-level travel time spent in this place.
 C = Inter-level travel time spent in this place.
 D = Time resting spent in this place.
 E = Time spent auto-exploring this place.
 F = Levels seen in this place.
 G = Mean time per level.
                   A        B        C        D        E       F      G
               +--------+--------+--------+--------+--------+-----+--------+
         Total |    387 |    387 |      0 |      0 |    297 |   1 |  387.0 |
       Dungeon |    387 |    387 |      0 |      0 |    297 |   1 |  387.0 |
               +--------+--------+--------+--------+--------+-----+--------+

Top non-repeatable levels by time:
     D:1: 387 daAuts
